 Dungeon Crawl Stone Soup version 0.27-a0-203-gd48b2df3c9 (webtiles) character file.

Game seed: 12001914973541720864

56 hatsuma the Magician (level 3, -3/19 HPs)
             Began as a Deep Elf Hedge Wizard on Jan 31, 2021.
             Slain by an orc
             ... wielding a +0 morningstar
              (9 damage)
             ... on level 2 of the Dungeon.
             The game lasted 00:14:07 (2165 turns).

hatsuma the Magician (Deep Elf Hedge Wizard)        Turns: 2165, Time: 00:14:08

Health: -3/19      AC:  2    Str:  7    XL:     3   Next: 71%
Magic:  5/10       EV: 13    Int: 19    God:
Gold:   132        SH:  0    Dex: 14    Spells: 3/10 levels left

rFire    . . .     SeeInvis .   a - +0 dagger
rCold    . . .     Faith    .   (no shield)
rNeg     . . .     Spirit   .   b - +0 robe
rPois    .         Reflect  .   c - +0 hat
rElec    .         Harm     .   (no cloak)
rCorr    +         Rampage  .   (no gloves)
Will     .....                  (no boots)
Stlth    ++........             (no amulet)
HPRegen  0.06/turn              d - ring of resist corrosion
MPRegen  0.12/turn              (no ring)

@: no status effects
A: no striking features
a: no special abilities


You were on level 2 of the Dungeon.
You visited 1 branch of the dungeon, and saw 2 of its levels.

You collected 132 gold pieces.

Inventory:

Hand Weapons
 a - a +0 dagger (weapon)
Missiles
 g - 24 stones
 l - 28 arrows
Armour
 b - a +0 robe (worn)
 c - a +0 hat (worn)
Jewellery
 d - a ring of resist corrosion (left hand)
Scrolls
 e - a scroll of teleportation {unknown}
 h - 3 scrolls of remove curse {unknown}
 i - a scroll of identify {unknown}
 m - 2 scrolls of noise {unknown}
 n - a scroll of enchant armour {unknown}
Potions
 f - 2 potions of curing {unknown}
 j - a potion of mutation {unknown}
 k - a potion of heal wounds {unknown}
 o - a potion of attraction {unknown}
 p - 2 potions of might {unknown}


   Skills:
 - Level 2.4 Dodging
 - Level 2.4 Stealth
 - Level 4.4 Spellcasting
 - Level 1.1 Conjurations
 - Level 2.2 Hexes
 - Level 2.0 Summonings
 + Level 2.9 Translocations


You had 3 spell levels left.
You knew the following spells:

 Your Spells              Type           Power        Failure   Level
a - Magic Dart            Conj           32%          9%          1
b - Slow                  Hex            12%          8%          2
c - Call Imp              Summ           12%          9%          2
d - Blink                 Tloc           N/A          6%          2

Your spell library contained the following spells:

 Spells                   Type           Power        Failure   Level
 Conjure Flame            Conj/Fire      6%           32%         3
 Mephitic Cloud           Conj/Pois/Air  5%           34%         3


Dungeon Overview and Level Annotations

Branches:
Dungeon (2/15)

Altars:


Message History

Your crimson imp barely misses the orc.
Your crimson imp closely misses the orc.
The orc misses something.
Your crimson imp blinks!
Something hits your crimson imp.
The orc hits your shadow imp with a +0 whip.
Your crimson imp barely misses the orc.
Your shadow imp barely misses the orc.
The orc priest hits your shadow imp.
The orc throws a boomerang.
The boomerang barely misses your shadow imp.
The boomerang barely misses the orc.
The boomerang hits you.
Your crimson imp blinks!
Your shadow imp barely misses the orc priest.
The orc priest calls down the wrath of Beogh upon you.
Beogh smites you!
Ouch! That really hurt!
The orc barely misses your shadow imp.
The orc priest looks satisfied for a moment.
Something closely misses your shadow imp.
The orc hits you with a +0 morningstar!
You die...

#................
#...........#####
#..........## #..........# #
#..........# ##
##.........#.#...#.# .##
####..........# .o....#
..####.............#..o....
................@..#..o... #
.†.....##........o.#.#...#.#
.†#######.......o..#.....5.#.#
..# ##......5..o5o.......# ..#
##.......####o..# .##
###........o##### .#
#####.........# .###
#####.###.#### ...####
#..##....#


You could see an orc priest, 2 orcs, a friendly crimson imp (summoned) and a
friendly shadow imp (summoned).

Vanquished Creatures
  A dart slug (D:1)
  2 leopard geckos (D:1)
  3 goblins (D:1)
  A kobold (D:1)
  A quokka (D:1)
  A ball python (D:1)
  6 bats
  6 frilled lizards
  3 rats
24 creatures vanquished.

Vanquished Creatures (collateral kills)
  An adder (D:2)
  2 dart slugs
  3 leopard geckos (D:2)
  2 giant cockroaches
  A goblin (D:2)
  3 hobgoblins (D:2)
  4 bats (D:2)
  7 frilled lizards (D:2)
  3 kobolds (D:2)
  3 rats (D:2)
29 creatures vanquished.

Vanquished Creatures (others)
  6 plants (D:2)
6 creatures vanquished.

Grand Total: 59 creatures vanquished

Notes
Turn   | Place    | Note
-------+----------+-------------------------------------------
     0 | D:1      | hatsuma the Deep Elf Hedge Wizard began the quest for the
                  | Orb.
     0 | D:1      | Reached XP level 1. HP: 10/10 MP: 7/7
   111 | D:1      | Reached skill level 1 in Hexes
   358 | D:1      | Reached XP level 2. HP: 15/15 MP: 6/9
   375 | D:1      | Learned a level 2 spell: Slow
   378 | D:1      | Learned a level 2 spell: Call Imp
   381 | D:1      | Learned a level 2 spell: Blink
  1178 | D:2      | Reached XP level 3. HP: 12/19 MP: 5/10
  2165 | D:2      | Slain by an orc

Illustrated notes

Levels and vault maps discovered:
D:1:      dpeg_arrival_shrine, layout_basic
D:2:      cheibrodos_pilgrimage, layout_rooms, minmay_lizard_king

Skill      XL: |  1  2  3 |
---------------+----------+-----
Hexes          | 2 |  2.2
Summonings     | 2 |  2.0
Translocations | 2 |  2.9
Dodging        | |  2.4
Stealth        | |  2.4
Spellcasting   | |  4.4
Conjurations   | |  1.1

Action                   || total
-------------------------++-------
Melee: Dagger            ||    71
 Cast: Magic Dart        ||    37
       Call Imp          ||    23
       Blink             ||     2
 Stab: Sleeping          ||     3
Armor: Robe              ||    12
Dodge: Dodged            ||    70

Table legend: (Time is in decaauts)
 A = Elapsed time spent in this place.
 B = Non-inter-level travel time spent in this place.
 C = Inter-level travel time spent in this place.
 D = Time resting spent in this place.
 E = Time spent auto-exploring this place.
 F = Levels seen in this place.
 G = Mean time per level.
                   A        B        C        D        E       F      G
               +--------+--------+--------+--------+--------+-----+--------+
         Total |   2165 |   2148 |     17 |    997 |    106 |   2 | 1082.5 |
       Dungeon |   2165 |   2148 |     17 |    997 |    106 |   2 | 1082.5 |
               +--------+--------+--------+--------+--------+-----+--------+

Top non-repeatable levels by time:
     D:1: 1153 daAuts
     D:2: 1012 daAuts
